 Dungeon Crawl Stone Soup version 0.29-a0-582-ge82337ba6a (webtiles) character file.

Game seed: 6491359292666527954

185 spaghetti the Scholar of Death (level 5, 0/37 HPs)
             Began as a Gnoll Necromancer on June 15, 2022.
             Was a Follower of Kikubaaqudgha.
             Slain by a gnoll
             ... wielding a +0 flail
             ... led by a gnoll shaman
              (4 damage)
             ... on level 3 of the Dungeon.
             The game lasted 00:06:35 (2994 turns).

spaghetti the Scholar of Death (Gnoll Necromancer)  Turns: 2994, Time: 00:06:35

Health: 0/37       AC:  4    Str:  8    XL:     5   Next: 64%
Magic:  12/12      EV: 13    Int: 16    God:    Kikubaaqudgha [*.....]
Gold:   146        SH:  0    Dex: 12    Spells: 3/14 levels left

rFire   . . .      SeeInvis .   y - +4 short sword (speed) {short}
rCold   . . .      Faith    .   (no shield)
rNeg    . . .      Spirit   .   a - +0 robe
rPois   .          Reflect  +   j - +0 helmet
rElec   .          Harm     .   (no cloak)
rCorr   .          Rampage  .   p - +0 pair of gloves
Will    .....                   (no boots)
Stlth   +.........              v - amulet of reflection
HPRegen 0.12/turn               (no ring)
MPRegen 0.13/turn               (no ring)

@: confused, mighty, ambrosia-drunk
A: fangs 1, strong nose, distributed training
a: Renounce Religion, Unearth Wretches


You were on level 3 of the Dungeon.
You worshipped Kikubaaqudgha.
Kikubaaqudgha was aware of your devotion.
You visited 1 branch of the dungeon, and saw 3 of its levels.

You collected 254 gold pieces.
You spent 108 gold pieces at shops.


Innate Abilities, Weirdness & Mutations

You have very sharp teeth.
Your uncanny sense of smell can sniff out nearby items.
Your experience applies equally to all skills.


   Skills:
 + Level 1.6 Fighting
 + Level 1.6 Short Blades
 + Level 1.6 Long Blades
 + Level 1.6 Axes
 + Level 1.6 Maces & Flails
 + Level 1.6 Polearms
 + Level 1.6 Staves
 + Level 1.6 Slings
 + Level 1.6 Bows
 + Level 1.6 Crossbows
 + Level 1.6 Throwing
 + Level 1.6 Armour
 + Level 4.8 Dodging
 + Level 4.4 Stealth
 + Level 1.6 Shields
 + Level 1.6 Unarmed Combat
 + Level 5.2 Spellcasting
 + Level 1.2 Conjurations
 + Level 1.2 Hexes
 + Level 1.2 Summonings
 + Level 7.2 Necromancy
 + Level 1.2 Translocations
 + Level 1.2 Transmutations
 + Level 1.2 Fire Magic
 + Level 1.2 Ice Magic
 + Level 1.2 Air Magic
 + Level 1.2 Earth Magic
 + Level 1.2 Poison Magic
 + Level 1.8 Invocations
 + Level 1.6 Evocations


You had 3 spell levels left.
You knew the following spells:

 Your Spells              Type           Power      Damage    Failure   Level
a - Necrotize             Necr           100%       1d9       1%          1
b - Vampiric Draining     Necr           27%        2d7       2%          3
c - Spider Form           Tmut/Pois      8%         N/A       26%         3
d - Animate Dead          Necr           27%        N/A       8%          4

Your spell library contained the following spells:

 Spells                   Type           Power      Damage    Failure   Level
 Sublimation of Blood     Necr           27%        N/A       1%          2
 Ensorcelled Hibernation  Hex/Ice        16%        N/A       13%         2
 Dazzling Flash           Conj/Hex       16%        N/A       26%         3
 Agony                    Necr           27%        N/A       22%         5
 Anguish                  Hex/Necr       8%         N/A       26%         4
 Iskenderun's Mystic Bla  Conj/Tloc      8%         2d4       65%         4
 Starburst                Conj/Fire      4%         6d3       100%        6

Inventory:

Hand Weapons
 e - a +0 short sword {short}
   (You took it off a kobold on level 1 of the Dungeon)
 f - a +0 dagger {short}
   (You found it on level 1 of the Dungeon)
 h - a +0 dagger {short}
   (You found it on level 1 of the Dungeon)
 i - a +0 hand axe {axe}
   (You found it on level 1 of the Dungeon)
 m - a +0 dagger {short}
   (You took it off a goblin on level 1 of the Dungeon)
 o - a +2 spear of freezing {polearm}
   (You found it on level 2 of the Dungeon)
 s - a +0 rapier {short}
   (You found it on level 2 of the Dungeon)
 w - a +2 short sword of draining {short}
   (You took it off an orc on level 3 of the Dungeon)
 x - a +2 dagger of speed {short}
   (You took it off an orc on level 3 of the Dungeon)
 y - a +4 short sword of speed (weapon) {short}
   (You took it off a kobold on level 3 of the Dungeon)
Missiles
 d - 95 stones (quivered) {throwing}
 k - 3 datura-tipped darts {throwing}
 n - 10 boomerangs {throwing}
Armour
 a - a +0 robe (worn)
 j - a +0 helmet (worn)
   (You bought it in a shop on level 2 of the Dungeon)
 p - a +0 pair of gloves (worn)
   (You bought it in a shop on level 2 of the Dungeon)
Jewellery
 v - an amulet of reflection (around neck)
   (You found it on level 2 of the Dungeon)
Scrolls
 t - a scroll of immolation {unknown}
Potions
 b - a potion of magic
 c - a potion of ambrosia
 l - 2 potions of might
 q - a potion of degeneration {unknown}
 r - a potion of brilliance {unknown}

Dungeon Overview and Level Annotations

Branches:
Dungeon (3/15)

Altars:
Kikubaaqudgha

Shops:
D:2

[ ##.#### #. #.........
#.# ##.###.........
#.#######........P.....
####......................
..##.#.....#... ..........
.....#.###.##.# .........
.......# #.##.# #.)......
.......###.##.####gg......
..#..#.....##...@ggb......
≈≈≈≈≈≈≈.........g##.######
......)..#######.# .#
≈≈≈≈≈≈≈.............#
P(#..#P#########.##.#
P.PPP..# #.# .# ####.###
#.# .# #. #.# # .#


You could see 3 gnolls, a hobgoblin, a goblin and a bat.


Message History

You take 6 damage, and now have 14/37 hp.
You lost 1 mp, and now have 8/12 mp.
Casting: Necrotize (safe; 1% risk of failure)
Confirm with . or Enter, or press ? or * to list all spells.
Aiming: Necrotize (safe; 1% risk of failure)
Press: ? - help, Shift-Dir - straight line, f - gnoll
Aim: a gnoll, wielding a +0 whip (chance to affect: 88%)
The gnoll writhes in agony.
The bat hits you but does no damage. The gnoll barely misses you.
You block the gnoll's attack.
The hobgoblin hits you with a +0 dagger.
* * * LOW HITPOINT WARNING * * *
The gnoll hits your gnoll shaman skeleton with a +0 flail!
The bat hits your gnoll shaman skeleton. 😱 HP[-5] MP[-1]
You take 5 damage, and now have 9/37 hp.
You lost 1 mp, and now have 7/12 mp.
It was a potion of ambrosia.
You are confused.
You feel invigorated. The bat misses you.
The gnoll hits you from afar with a +0 spear.
* * * LOW HITPOINT WARNING * * *
The gnoll hits your gnoll shaman skeleton with a +0 flail!
Your gnoll shaman skeleton is destroyed!
The hobgoblin hits you but does no damage.
The gnoll misses you. 😨 HP[+2] MP[+3]
You regained 2 hp, and now have 11/37 hp.
You regained 3 mp, and now have 10/12 mp.
Unknown command.
Unknown command.
Unknown command.
The hobgoblin attacks as you move away!
The hobgoblin hits you with a +0 dagger.
* * * LOW HITPOINT WARNING * * *
The gnoll attacks as you move away! The gnoll barely misses you.
The gnoll attacks as you move away! The gnoll barely misses you.
Unknown command.
Unknown command.
Unknown command.
Unknown command.
Unknown command.
Unknown command.
You barely miss the hobgoblin. Your bite misses the hobgoblin.
The gnoll closely misses you.
The gnoll hits you from afar with a +0 spear.
* * * LOW HITPOINT WARNING * * *
The hobgoblin hits you but does no damage.
Unknown command.
Unknown command.
Unknown command. 😨 HP[-1] MP[+2]
You take 1 damage, and now have 10/37 hp.
Your mp is fully restored (12).
Unknown command.
Unknown command.
You're too confused to move!
The gnoll closely misses you.
The hobgoblin hits you with a +0 dagger.
* * * LOW HITPOINT WARNING * * *
The gnoll closely misses you. 😱 HP[-2]
You take 2 damage, and now have 8/37 hp.
Unknown command.
The gnoll attacks as you move away!
The gnoll hits you but does no damage. 😨 HP[+4]
You regained 4 hp, and now have 12/37 hp.
Unknown command.
You hit the gnoll. Your bite misses the gnoll. 😨 HP[+2]
You regained 2 hp, and now have 14/37 hp.
Unknown command.
You bump into the rock wall.
You feel less invigorated.
You feel less confused. The gnoll misses you. The gnoll barely misses you.
The gnoll hits you from afar with a +0 spear.
* * * LOW HITPOINT WARNING * * *
😨 HP[+3]
You regained 3 hp, and now have 17/37 hp.
Unknown command.
It was a potion of curing.
You feel better. The gnoll hits you with a +0 whip.
The gnoll hits you from afar with a +0 spear.
The gnoll hits you with a +0 flail!
* * * LOW HITPOINT WARNING * * *
😨 HP[-4]
You take 4 damage, and now have 13/37 hp.
It was a potion of might.
You feel very mighty all of a sudden. The gnoll closely misses you.
The gnoll hits you from afar with a +0 spear.
* * * LOW HITPOINT WARNING * * *
The gnoll hits you with a +0 flail.
* * * LOW HITPOINT WARNING * * *
😱 HP[-5]
You take 5 damage, and now have 8/37 hp.
You are confused.
You feel invigorated. The gnoll hits you with a +0 whip!
* * * LOW HITPOINT WARNING * * *
The gnoll closely misses you. The gnoll hits you with a +0 flail.
You die...
Kikubaaqudgha rasps: "You have failed me!
Welcome... death!"

Skill      XL: |  1  2  3  4 |
---------------+-------------+-----
Spellcasting   | 5 |  5.2
Invocations    | 1 |  1.8
Fighting       | 1 |  1.6
Short Blades   | 1 |  1.6
Long Blades    | 1 |  1.6
Axes           | 1 |  1.6
Maces & Flails | 1 |  1.6
Polearms       | 1 |  1.6
Staves         | 1 |  1.6
Slings         | 1 |  1.6
Bows           | 1 |  1.6
Crossbows      | 1 |  1.6
Throwing       | 1 |  1.6
Armour         | 1 |  1.6
Shields        | 1 |  1.6
Unarmed Combat | 1 |  1.6
Evocations     | 1 |  1.6
Conjurations   | 1 |  1.2
Hexes          | 1 |  1.2
Summonings     | 1 |  1.2
Translocations | 1 |  1.2
Transmutations | 1 |  1.2
Fire Magic     | 1 |  1.2
Ice Magic      | 1 |  1.2
Air Magic      | 1 |  1.2
Earth Magic    | 1 |  1.2
Poison Magic   | 1 |  1.2
Dodging        | |  4.8
Stealth        | |  4.4
Necromancy     | |  7.2

Action                   |  1- 3 |  4- 6 || total
-------------------------+-------+-------++-------
Melee: Unarmed           |    20 |       ||    20
       Bite              |     5 |     1 ||     6
       Short sword       |    14 |    29 ||    43
Throw: Stone             |     3 |    17 ||    20
 Cast: Necrotize         |    42 |    34 ||    76
       Spider Form       |     1 |       ||     1
  Use: Scroll            |     2 |     2 ||     4
       Potion            |       |     4 ||     4
 Stab: Sleeping          |     2 |       ||     2
Armor: Robe              |    10 |    22 ||    32
Dodge: Dodged            |    41 |    37 ||    78
Block: Other             |       |    14 ||    14

Levels and vault maps discovered:
D:1:      lightli_arrival_boilingwater, layout_loops_ring, minmay_tetromino_i4
D:2:      layout_basic, shapermc_ecumenical_altar_mp_vishouse, serial_shops,
          nicolae_shop_stone
D:3:      layout_loops_ring, nicolae_elyvilon_temple_path,
          minmay_gold_behind_fungi, hangedman_decor_riveting,
          nicolae_grassy_gnolls

Notes
Turn   | Place    | Note
-------+----------+-------------------------------------------
     0 | D:1      | spaghetti the Gnoll Necromancer began the quest for the
                  | Orb.
     0 | D:1      | Reached XP level 1. HP: 13/13 MP: 6/6
     0 | D:1      | magus.rc [v1.9.6]
   147 | D:1      | You pick up a book of Dreams and begin reading...
   147 | D:1      | You add the spells Ensorcelled Hibernation, Spider Form and
                  | Anguish to your library.
   192 | D:1      | Reached XP level 2. HP: 14/19 MP: 3/7
   913 | D:1      | Reached XP level 3. HP: 25/25 MP: 6/9
   917 | D:1      | Learned a level 3 spell: Vampiric Draining
   921 | D:1      | Learned a level 3 spell: Spider Form
  1130 | D:2      | Reached skill level 5 in Spellcasting
  1145 | D:2      | You pick up a book of Spectacle and begin reading...
  1145 | D:2      | You add the spells Dazzling Flash, Iskenderun's Mystic
                  | Blast and Starburst to your library.
  1321 | D:2      | Found a faded altar of an unknown god.
  1324 | D:2      | Prayed at the altar of an unknown god.
  1324 | D:2      | Became a worshipper of Kikubaaqudgha
  1324 | D:2      | Reached * piety under Kikubaaqudgha
  1324 | D:2      | Received a gift from Kikubaaqudgha
  1430 | D:2      | Reached skill level 1 in Invocations
  1528 | D:2      | Reached skill level 1 in Fighting
  1528 | D:2      | Reached skill level 1 in Short Blades
  1528 | D:2      | Reached skill level 1 in Long Blades
  1528 | D:2      | Reached skill level 1 in Axes
  1528 | D:2      | Reached skill level 1 in Maces & Flails
  1528 | D:2      | Reached skill level 1 in Polearms
  1528 | D:2      | Reached skill level 1 in Staves
  1528 | D:2      | Reached skill level 1 in Slings
  1528 | D:2      | Reached skill level 1 in Bows
  1528 | D:2      | Reached skill level 1 in Crossbows
  1528 | D:2      | Reached skill level 1 in Throwing
  1528 | D:2      | Reached skill level 1 in Armour
  1528 | D:2      | Reached skill level 1 in Shields
  1528 | D:2      | Reached skill level 1 in Unarmed Combat
  1528 | D:2      | Reached skill level 1 in Evocations
  1723 | D:2      | Reached XP level 4. HP: 23/32 MP: 8/11
  2109 | D:2      | Found Apsycaar's Armour Shoppe.
  2118 | D:2      | Bought a +0 helmet for 54 gold pieces
  2118 | D:2      | Bought a +0 pair of gloves for 54 gold pieces
  2498 | D:3      | Learned a level 4 spell: Animate Dead
  2640 | D:3      | Reached skill level 1 in Conjurations
  2640 | D:3      | Reached skill level 1 in Hexes
  2640 | D:3      | Reached skill level 1 in Summonings
  2640 | D:3      | Reached skill level 1 in Translocations
  2640 | D:3      | Reached skill level 1 in Transmutations
  2640 | D:3      | Reached skill level 1 in Fire Magic
  2640 | D:3      | Reached skill level 1 in Ice Magic
  2640 | D:3      | Reached skill level 1 in Air Magic
  2640 | D:3      | Reached skill level 1 in Earth Magic
  2640 | D:3      | Reached skill level 1 in Poison Magic
  2776 | D:3      | Reached XP level 5. HP: 24/37 MP: 6/12
  2984 | D:3      | HP: 9/37 [hobgoblin/+0 dagger (6)]
  2993 | D:3      | HP: 8/37 [gnoll/+0 flail[a gnoll shaman] (5)]
  2994 | D:3      | Slain by a gnoll

Vanquished Creatures
  A gnoll shaman (D:3)
  An orc priest (D:3)
  An orc wizard (D:3)
  5 adders
  A worm (D:2)
  2 orcs (D:3)
  An endoplasm (D:1)
  3 giant cockroaches
  4 goblins
  8 hobgoblins
  5 jackals
  3 kobolds
  3 quokkas
  4 ball pythons
  4 bats
  4 frilled lizards
  2 rats
52 creatures vanquished.

Vanquished Creatures (collateral kills)
  An endoplasm (D:1)
  A giant cockroach (D:1)
2 creatures vanquished.

Vanquished Creatures (others)
  9 fungi (D:3)
  23 plants (D:3)
  4 toadstools (D:3)
36 creatures vanquished.

Grand Total: 90 creatures vanquished

Table legend:
 A = Non-vault XP
 B = Vault XP
 C = Vault XP percentage of total XP
 D = Non-vault monster count
 E = Vault monster count
 F = Vault count percentage of total count
                 A         B        C        D         E       F
            +---------+---------+-------+---------+---------+-------
      Total |     216 |      49 |  18.5 |      49 |       5 |   9.3
            +---------+---------+-------+---------+---------+-------
        D:1 |      27 |       8 |  22.9 |      17 |       4 |  19.0
        D:2 |      69 |       0 |   0.0 |      18 |       0 |   0.0
        D:3 |     120 |      41 |  25.5 |      14 |       1 |   6.7
            +---------+---------+-------+---------+---------+-------

Illustrated notes

Table legend:
 A = Kills in this place as a percentage of kills in entire the game.
 B = Kills by you in this place as a percentage of kills by you in the entire game.
 C = Kills by friends in this place as a percentage of kills by friends in the entire game.
 D = Other kills in this place as a percentage of other kills in the entire game.
 E = Experience gained in this place as a percentage of experience gained in the entire game.
 F = Experience gained in this place divided by the number of levels of this place that you have seen.
                   A       B       C       D       E      F
               +-------+-------+-------+-------+-------+----------------------
         Total | 100.0 | 100.0 | 100.0 |   N/A | 100.0 |  88.3
       Dungeon | 100.0 | 100.0 | 100.0 |   N/A | 100.0 |  88.3
               +-------+-------+-------+-------+-------+----------------------

Table legend: (Time is in decaauts)
 A = Elapsed time spent in this place.
 B = Non-inter-level travel time spent in this place.
 C = Inter-level travel time spent in this place.
 D = Time resting spent in this place.
 E = Time spent auto-exploring this place.
 F = Levels seen in this place.
 G = Mean time per level.
                   A        B        C        D        E       F      G
               +--------+--------+--------+--------+--------+-----+--------+
         Total |   3000 |   2984 |     16 |      0 |   2599 |   3 | 1000.0 |
       Dungeon |   3000 |   2984 |     16 |      0 |   2599 |   3 | 1000.0 |
               +--------+--------+--------+--------+--------+-----+--------+

Top non-repeatable levels by time:
     D:2: 1412 daAuts
     D:1: 985 daAuts
     D:3: 603 daAuts
